 Dungeon Crawl Stone Soup version 0.24-a0-446-g87df7205b4 (webtiles) character file.

Game seed: 8542718951209207323

151 KristoblXynda the Chopper (level 5, -14/47 HPs)
             Began as a Minotaur Berserker on June 23, 2019.
             Was a Believer of Trog.
             Engulfed by a cloud of flame (16 damage)
             ... on level 4 of the Dungeon.
             The game lasted 00:04:06 (2751 turns).

KristoblXynda the Chopper (Minotaur Berserker)      Turns: 2751, Time: 00:04:06

Health: -14/47     AC: 10    Str: 21    XL:     5   Next: 11%
Magic:  4/4        EV:  9    Int:  4    God:    Trog [**....]
Gold:   132        SH:  0    Dex: 11    Spells: 4/4 levels left

rFire    . . .     SeeInvis .   a - +0 hand axe
rCold    . . .     Gourm    .   (no shield)
rNeg     . . .     Faith    .   m - +0 chain mail
rPois    .         Spirit   .   (helmet restricted)
rElec    .         Reflect  .   (no cloak)
rCorr    .         Harm     .   d - +0 pair of gloves
MR       ++...                  (no boots)
Stlth    ..........             (no amulet)
HPRegen  1.15/turn              (no ring)
MPRegen  0.09/turn              (no ring)

@: lethally poisoned (-14 -> -14), very slightly contaminated, regenerating
A: retaliatory headbutt, horns 2
a: Berserk, Trog's Hand, Renounce Religion


You were on level 4 of the Dungeon.
You worshipped Trog.
Trog was pleased with you.
You were very hungry.

You visited 1 branch of the dungeon, and saw 4 of its levels.

You collected 132 gold pieces.

Inventory:

Hand Weapons
 a - a +0 hand axe (weapon)
Armour
 d - a +0 pair of gloves (worn)
 m - a +0 chain mail (worn)
Jewellery
 o - an uncursed ring of protection from magic {unknown}
Scrolls
 e - a scroll of identify
 g - 3 scrolls of remove curse
Potions
 b - a potion of invisibility
 f - a potion of heal wounds
 j - a potion of agility
 k - 2 potions of curing
Comestibles
 c - 4 rations


   Skills:
 + Level 4.5 Fighting
 + Level 4.9 Axes
 + Level 3.9 Armour
 + Level 3.3 Dodging


You had 4 spell levels left.
You didn't know any spells.
Your spell library was empty.

Dungeon Overview and Level Annotations

Branches:
Dungeon (4/15)
 Temple: D:4-7

Altars:
Ashenzari
Elyvilon
Vehumet
Wu Jian
Xom
Zin


Innate Abilities, Weirdness & Mutations

You reflexively headbutt those who attack you in melee.
You have a pair of horns on your head.


Message History

You feel sick. The adder barely misses you.
The adder hisses angrily.
You hit the adder. Your headbutt misses the adder.
The adder is severely wounded.
The adder barely misses you. You furiously retaliate!
You headbutt the adder. The adder closely misses you.
You hit the adder.
The adder explodes!
The fiery explosion engulfs the adder!!
The adder explodes!
The fiery explosion engulfs the adder!!
You kill the adder!
Trog accepts your kill. x2
You have reached level 5!
The fiery explosion engulfs you!!
Ouch! That really hurt!
* * * LOW HITPOINT WARNING * * *
Trog accepts your kill.
You are engulfed in blazing flames.
You die...

##+#+#####
#....§...+
#.§§§...##..
#§§§§§......
#§§§§.....S.
##§#####....
#@# ...
#.....# .
#####.#


There were no monsters in sight!

Vanquished Creatures
  7 adders
  2 worms
  2 dart slugs (D:3)
  3 leopard geckos (D:1)
  2 orcs (D:3)
  3 ball pythons
  5 bats
  6 giant cockroaches
  4 goblins
  6 hobgoblins
  10 jackals
  2 quokkas (D:2)
  4 frilled lizards
  7 kobolds
  11 rats
74 creatures vanquished.

Notes
Turn   | Place    | Note
-------+----------+-------------------------------------------
     0 | D:1      | KristoblXynda the Minotaur Berserker began the quest for
                  | the Orb.
     0 | D:1      | Reached XP level 1. HP: 19/19 MP: 0/0
    88 | D:1      | Reached XP level 2. HP: 23/26 MP: 1/1
   290 | D:1      | Reached ** piety under Trog
   797 | D:1      | Found a shattered altar of Ashenzari.
   814 | D:1      | Reached XP level 3. HP: 32/33 MP: 2/2
  1295 | D:2      | Found a white marble altar of Elyvilon.
  1688 | D:2      | Reached XP level 4. HP: 40/40 MP: 3/3
  1832 | D:3      | Found a glowing silver altar of Zin.
  1832 | D:3      | Noticed an angel
  1835 | D:3      | Found a shimmering altar of Xom.
  1975 | D:3      | Found a shattered altar of Ashenzari.
  2154 | D:3      | Found a radiant altar of Vehumet.
  2534 | D:3      | Found an ornate altar of the Wu Jian Council.
  2751 | D:4      | Reached XP level 5. HP: 34/47 MP: 4/4
  2751 | D:4      | HP: 2/47 [adder/exploding inner flame[the player character]
                  | (32)]
  2751 | D:4      | Engulfed by a cloud of flame

Levels and vault maps discovered:
D:1:      lemuel_arrival_behind_the_door_large, layout_basic,
          evilmike_ruin_ashenzari
D:2:      layout_loops_cross, elyvilon_altar_5
D:3:      layout_basic, grunt_temple_overflow_order_and_chaos_1,
          nicolae_overflow_hidden_temple, old_standard_altar,
          overflow_temple_1_default
D:4:      layout_basic, bloody_trog, serial_shops, shop, first_ration,
          enter_ossuary_4

Skill      XL: |  1  2  3  4 |
---------------+-------------+-----
Axes           | 4 |  4.9
Armour         | 3 |  3.9
Fighting       | 4 |  4.5
Dodging        | 3 |  3.3

Action                   |  1- 3 |  4- 6 || total
-------------------------+-------+-------++-------
Melee: Hand axe          |   109 |    60 ||   169
       Headbutt          |    17 |     8 ||    25
Invok: Trog's Hand       |       |     1 ||     1
  Use: Scroll            |       |     8 ||     8
  Eat: Chunk             |     2 |     3 ||     5
Armor: Animal skin       |     5 |       ||     5
       Ring mail         |    22 |     4 ||    26
       Chain mail        |       |    31 ||    31
Dodge: Dodged            |    63 |    48 ||   111

Table legend:
 A = Non-vault XP
 B = Vault XP
 C = Vault XP percentage of total XP
 D = Non-vault monster count
 E = Vault monster count
 F = Vault count percentage of total count
                 A         B        C        D         E       F
            +---------+---------+-------+---------+---------+-------
      Total |     217 |       0 |   0.0 |      74 |       0 |   0.0
            +---------+---------+-------+---------+---------+-------
        D:1 |      44 |       0 |   0.0 |      28 |       0 |   0.0
        D:2 |      58 |       0 |   0.0 |      24 |       0 |   0.0
        D:3 |      76 |       0 |   0.0 |      19 |       0 |   0.0
        D:4 |      39 |       0 |   0.0 |       3 |       0 |   0.0
            +---------+---------+-------+---------+---------+-------
